 Dungeon Crawl Stone Soup version 0.22-a0-83-g218e7ff (console) character file.

30 Evablue the Digger (level 3, -1/24 HPs)
             Began as a Formicid Earth Elementalist on Jan 20, 2018.
             Slain by a leopard gecko (3 damage)
             ... on level 2 of the Dungeon.
             The game lasted 00:03:01 (1659 turns).

Evablue the Digger (Formicid Earth Elementalist)    Turns: 1659, Time: 00:03:01

Health: -1/24      AC:  2    Str: 12    XL:     3   Next: 37%
Magic:  6/6        EV: 12    Int: 15    God:
Gold:   83         SH:  0    Dex: 11    Spells: 2/6 levels left

rFire    . . .     SeeInvis +   (no weapon)
rCold    . . .     Gourm    .   (no shield)
rNeg     . . .     Faith    .   c - +0 robe
rPois    .         Spirit   .   (helmet unavailable)
rElec    .         Reflect  .   (no cloak)
rCorr    .         Harm     .   (no gloves)
MR       .....                  (no boots)
Stlth    ++........             (no amulet)
HPRegen  0.08/turn              (no ring)
MPRegen  0.10/turn              (no ring)

@: no status effects
A: permanent stasis, dig shafts and tunnels, four strong arms, antennae 3
a: Dig, Shaft Self


You were on level 2 of the Dungeon.
You were near starving.

You visited 1 branch of the dungeon, and saw 2 of its levels.

You collected 83 gold pieces.

Inventory:

Missiles
 b - 49 stones (quivered)
Armour
 c - a +0 robe (worn)
Jewellery
 j - a +2 ring of strength {unknown}
 p - an uncursed ring of ice {unknown}
Scrolls
 a - a scroll of identify {unknown}
 f - 2 scrolls of teleportation {unknown}
 h - 2 scrolls of fear {unknown}
 i - 2 scrolls of remove curse {unknown}
 k - a scroll of blinking {unknown}
 n - a scroll of fog {unknown}
 o - a scroll of enchant armour {unknown}
Potions
 g - a potion of agility {unknown}
 l - a potion of mutation {unknown}
 m - a potion of heal wounds {unknown}
Books
 e - a book of Geomancy

   Spells                             Type                      Level
   a - Sandblast                      Earth                        1
   b - Passwall                       Transmutation/Earth          2
   c - Stone Arrow                    Conjuration/Earth            3
   d - Petrify                        Transmutation/Earth          4
   e - Lee's Rapid Deconstruction     Earth                        5
Comestibles
 d - 2 rations


   Skills:
 - Level 1.7 Dodging
 - Level 2.4 Stealth
 - Level 2.1 Spellcasting
   Level 1.1 Transmutations
 + Level 5.1 Earth Magic


You had 2 spell levels left.
You knew the following spells:

 Your Spells              Type           Power        Failure   Level  Hunger
a - Sandblast             Erth           ###...       2%          1    #......
b - Stone Arrow           Conj/Erth      #.....       22%         3    ###....


Dungeon Overview and Level Annotations

Branches:
Dungeon (2/15)

Altars:


Innate Abilities, Weirdness & Mutations

You cannot be hasted, slowed, berserked, paralysed or teleported.
You can dig through walls and to a lower floor.
Your four strong arms can wield two-handed weapons with a shield.
You have a pair of large antennae on your head. (SInv)


Message History

The bat barely misses you. The bat hits you.
You hit the bat.
You kill the bat!
The goblin hits you with a dagger.
You hit the leopard gecko but do no damage.
The leopard gecko hisses menacingly.
The leopard gecko barely misses you. The goblin hits you with a dagger.
You completely miss the leopard gecko. The leopard gecko bites you.
The goblin hits you with a dagger.
You hit the leopard gecko but do no damage.
The leopard gecko bites you.
* * * LOW HITPOINT WARNING * * *
The goblin hits you with a dagger.
* * * LOW HITPOINT WARNING * * *
The leopard gecko barely misses you.
You closely miss the leopard gecko. The leopard gecko closely misses you.
The goblin hits you with a dagger.
* * * LOW HITPOINT WARNING * * *
You miss the leopard gecko. The leopard gecko bites you.
You die...

#.# ### .# #.. ..#
.# ..# #.# .# #.#
#.# .# #.# #.# .#
#.# #.# .#
####.#######.###g#
#.............l@.#
#.################
#.# #.# .#.# .#.#
##.# ##.# ##.#


You could see a leopard gecko and a goblin.

Vanquished Creatures
  An ooze (D:1)
  A ball python (D:1)
  5 hobgoblins (D:1)
  4 kobolds (D:1)
  4 bats
  2 frilled lizards (D:1)
  5 goblins (D:1)
  2 rats (D:1)
24 creatures vanquished.

Notes
Turn   | Place    | Note
-------+----------+-------------------------------------------
     0 | D:1      | Evablue the Formicid Earth Elementalist began the quest for the Orb.
     0 | D:1      | Reached XP level 1. HP: 13/13 MP: 3/3
    98 | D:1      | Reached skill level 4 in Earth Magic
   165 | D:1      | Reached XP level 2. HP: 3/19 MP: 3/5
  1103 | D:1      | Reached XP level 3. HP: 14/24 MP: 6/6
  1257 | D:1      | Reached skill level 5 in Earth Magic
  1282 | D:1      | Learned a level 3 spell: Stone Arrow
  1658 | D:2      | HP: 1/24 [goblin/dagger (3)]
  1659 | D:2      | Slain by a leopard gecko

Vault maps used:
D:1:      lightli_arrival_isolated_outpost, minmay_quantized
D:2:      first_ration, uniq_crazy_yiuf_cottage

Skill      XL: |  1  2  3 |
---------------+----------+-----
Earth Magic    | 4 5 |  5.1
Dodging        | |  1.7
Stealth        | |  2.4
Spellcasting   | |  2.1
Transmutations | |  1.1

Action                   || total
-------------------------++-------
Melee: Unarmed           ||    94
 Cast: Sandblast         ||    11
       Stone Arrow       ||     3
  Use: Potion            ||     2
 Stab: Sleeping          ||     3
  Eat: Chunk             ||     1
Armor: Robe              ||    22
Dodge: Dodged            ||    58

Table legend:
 A = Spawn XP
 B = Non-spawn XP
 C = Spawn XP percentage of total XP
 D = Spawn monster count
 E = Non-spawn monster count
 F = Spawn count percentage of total count
 G = Total turns spent on level
                    A         B        C        D         E        F      G
               +---------+---------+-------+---------+---------+-------+---------
         Total |       0 |      44 |   0.0 |       0 |      24 |   0.0 |  1659
               +---------+---------+-------+---------+---------+-------+---------
           D:1 |       0 |      42 |   0.0 |       0 |      23 |   0.0 |  1621
           D:2 |       0 |       2 |   0.0 |       0 |       1 |   0.0 |    38
               +---------+---------+-------+---------+---------+-------+---------
